 Dungeon Crawl Stone Soup version 0.20-b1-24-gb21faa7 (webtiles) character file.

60 vatarom the Unweaver (level 3, 0/26 HPs)
             Began as a Demonspawn Abyssal Knight on May 25, 2017.
             Was a Follower of Lugonu.
             Slain by a kobold
             ... wielding a +0 short sword
              (7 damage)
             ... on level 1 of the Dungeon.
             The game lasted 00:05:44 (1865 turns).

vatarom the Unweaver (Demonspawn Abyssal Knight)    Turns: 1865, Time: 00:05:44

Health: 0/26       AC:  4    Str: 13    XL:     3   Next: 82%
Magic:  5/5        EV: 10    Int: 13    God:    Lugonu [*.....]
Gold:   137        SH:  3    Dex: 12    Spells: 2/2 levels left

rFire    . . .     SeeInvis .   a - +1 falchion
rCold    . . .     Gourm    .   f - +0 buckler
rNeg     . . .     Faith    .   b - +1 leather armour
rPois    .         Spirit   .   (helmet restricted)
rElec    .         Reflect  .   (no cloak)
rCorr    .         Harm     .   (no gloves)
MR       .....                  (no boots)
Stlth    +.........             (no amulet)
Regen    0.1/turn               (no ring)
MPRegen  0.1/turn               (no ring)

@: drained
A: horns 1, molten scales 1, deformed body, frail 1
a: Depart the Abyss, Renounce Religion


You were on level 1 of the Dungeon.
You worshipped Lugonu.
Lugonu was aware of your devotion.
You were not hungry.

You visited 1 branch of the dungeon, and saw 2 of its levels.
You visited the Abyss 1 time.

You collected 137 gold pieces.

Inventory:

Hand Weapons
 a - a +1 falchion (weapon)
 e - a +0 hand axe of venom
Armour
 b - a +1 leather armour (worn)
 f - a +0 buckler (worn)
Scrolls
 i - a scroll of recharging
 l - 2 scrolls of enchant armour
 m - a scroll of remove curse
Books
 d - a book of Spatial Translocations

   Spells                             Type                      Level
   a - Blink                          Translocation                2
   b - Shroud of Golubria             Charms/Translocation         2
   c - Lesser Beckoning               Translocation                3
   d - Gell's Gravitas                Translocation                3
   e - Teleport Other                 Translocation                3
   f - Passage of Golubria            Translocation                4
Comestibles
 c - 2 bread rations
 g - 2 royal jellies


   Skills:
 - Level 3.1(2.3) Fighting
 + Level 2.1(1.4) Long Blades
 - Level 2.0(1.3) Armour
 - Level 1.2(0.5) Dodging
 + Level 1.3(0.6) Shields
 + Level 3.8(3.0) Invocations


You had 2 spell levels left.
You didn't know any spells.

Dungeon Overview and Level Annotations

Branches:
Dungeon (2/15)

Altars:
Elyvilon
Hepliaklqana
Ru
Sif Muna
Trog
The Shining One

Annotations:
D:1 Crazy Yiuf


Innate Abilities, Weirdness & Mutations

You have a pair of small horns on your head.
You are partially covered in molten scales. (AC +2)
Armour fits poorly on your strangely shaped body.
You are frail. (-10% HP)


Message History

Your headbutt misses the kobold.
Crazy Yiuf screams, "Whippet seventy snail!"
The kobold closely misses you. The kobold hits you with a short sword.
* * * LOW HITPOINT WARNING * * *
There is an escape hatch in the ceiling here.
The kobold hits you with a short sword.
* * * LOW HITPOINT WARNING * * *
You block Crazy Yiuf's attack. A mysterious force pulls you upwards.
The hatch slams shut behind you.
Unknown command.
Unknown command.
The kobold barely misses you.
Crazy Yiuf whimpers, "Cake!"
The kobold closely misses you.
You riposte.
You hit the kobold.
The kobold is moderately wounded.
Crazy Yiuf grits, "Scoff!
Paint light rumpyflump."
There is a stone staircase leading down here.
The kobold hits you with a short sword!
You die...

#......##.......).......#
##.
#.......#......###.#.####
#..
#.....#..........#.#..##
##..
#########......#.#.##..#
#...
#......#...###.###.#.
###### ##.#.####..#
#.....#. #....# #...#
##..####...... #....#
##..# #...#......###
#....#
#.@###......#......
#....#
#..Kg..####...##...
#....#
##..#.######..##...
##....#
##..#.##..g....##..
#.....#
#...#.#..#####.....
##.....# ####.#.#.#.##
####.. #......#
##....#.#...# #..
#.####.# #..####...###
### #.# #.# ##..###...#
##


You could see Crazy Yiuf and a kobold.

Vanquished Creatures
  2 adders (D:2)
  2 worms (D:2)
  A leopard gecko (D:2)
  4 bats
  5 giant cockroaches
  2 goblins
  3 hobgoblins
  3 jackals (D:1)
  3 ball pythons
  4 frilled lizards
  2 kobolds (D:2)
  3 rats
34 creatures vanquished.

Notes
Turn   | Place    | Note
-------+----------+-------------------------------------------
     0 | Abyss:1  | vatarom the Demonspawn Abyssal Knight began the quest for the Orb.
     0 | Abyss:1  | Reached XP level 1. HP: 18/18 MP: 2/2
    36 | Abyss:1  | Noticed a large abomination
    68 | Abyss:1  | Noticed an iron imp
    73 | Abyss:1  | Noticed a worldbinder
    74 | Abyss:1  | Noticed a mana viper
    74 | Abyss:1  | Noticed a mana viper
    74 | Abyss:1  | Noticed a naga
    83 | Abyss:1  | Noticed a starcursed mass
    83 | Abyss:1  | Noticed a naga
    86 | D:1      | Escaped the Abyss
   299 | D:1      | Gained mutation: Armour fits poorly on your strangely shaped body. [potion of mutation]
   299 | D:1      | Gained mutation: You are frail. (-10% HP) [potion of mutation]
   299 | D:1      | Gained mutation: You have a pair of small antennae on your head. [potion of mutation]
   380 | D:1      | Reached skill level 1 in Dodging
   384 | D:1      | Gained mutation: You are partially covered in molten scales. (AC +2) [demonic ancestry]
   384 | D:1      | Reached XP level 2. HP: 9/21 MP: 4/4
   389 | D:1      | Reached * piety under Lugonu
   913 | D:2      | Found a sacrificial altar of Ru.
   935 | D:2      | Lost mutation: You have a pair of small antennae on your head. [demonic ancestry]
   935 | D:2      | Gained mutation: You have a pair of small horns on your head. [demonic ancestry]
   935 | D:2      | Reached XP level 3. HP: 7/26 MP: 5/5
  1197 | D:2      | Reached skill level 1 in Shields
  1368 | D:2      | Found a hazy altar of Hepliaklqana.
  1368 | D:2      | Found a white marble altar of Elyvilon.
  1373 | D:2      | Found a faded altar of an unknown god.
  1375 | D:2      | Found a glowing golden altar of the Shining One.
  1376 | D:2      | Found a bloodstained altar of Trog.
  1487 | D:2      | Found a deep blue altar of Sif Muna.
  1680 | D:2      | Found a runed door.
  1798 | D:2      | Noticed Crazy Yiuf
  1865 | D:1      | Slain by a kobold

Skill      XL: |  1  2  3 |
---------------+----------+-----
Dodging        | 1 |  1.2
Armour         | 2 |  2.0
Invocations    | 3 |  3.8
Long Blades    | 2 |  2.1
Shields        | 1 |  1.3
Fighting       | |  3.1

Action                   || total
-------------------------++-------
Melee: Falchion          ||   101
       Headbutt          ||     7
Invok: Depart the Abyss  ||     1
  Use: Potion            ||     6
       Scroll            ||     3
  Eat: Chunk             ||     3
Armor: Leather armour    ||    33
Dodge: Dodged            ||    77
Block: Buckler           ||    17
       Rpst.: Falchion   ||    23
